 Dungeon Crawl Stone Soup version 0.31-a0-489-g282fc92437 (webtiles) character file.

Game seed: 2130953241338827862

8216 AIAndy the Grappler (level 11, -7/68 HPs)
             Began as an Octopode Shapeshifter on Aug 7, 2023.
             Was a Believer of Nemelex Xobeh.
             Mangled by a freezing wraith (8 damage)
             ... led by a death knight
             ... on level 9 of the Dungeon.
             The game lasted 00:41:09 (8369 turns).

AIAndy the Grappler (Octopode Shapeshifter)         Turns: 8369, Time: 00:41:10

Health: -7/68      AC:  5    Str: 19    XL:     11   Next: 27%
Magic:  17/17      EV: 16    Int: 10    God:    Nemelex Xobeh [**....]
Gold:   244        SH:  0    Dex: 19    Spells: 10/10 levels left

rFire   . .          .
                       - Unarmed
rCold   . . .        (no shield)
rNeg    . . .        (helmet restricted)
rPois   .            (no amulet)
rElec   .            X - +6 ring of dexterity
rCorr   .            O - +4 ring of protection
SInv    .            (no ring)
Will    .....        (no ring)
Stlth   +++          (no ring)
HPRegen 0.31/turn    (no ring)
MPRegen 0.15/turn    (no ring)
                     (no ring)

%: no passive effects
@: maw-form
A: devouring maw, reduced hp, almost no armour, amphibious, 8 rings, camouflage
1, gelatinous body 1, (nimble swimmer 1), tentacles
a: Begin Untransformation, Renounce Religion, Draw Escape, Draw Destruction,
Draw Summoning


You were on level 9 of the Dungeon.
You worshipped Nemelex Xobeh.
Nemelex Xobeh was pleased with you.
You were a creature with a mouth for a stomach.
You visited 2 branches of the dungeon, and saw 10 of its levels.
You also visited: Sewer.

You collected 440 gold pieces.
You spent 196 gold pieces at shops.


Innate Abilities, Weirdness & Mutations

You are a creature with a mouth for a stomach.
Your midsection houses a second, enormous mouth.
Your maximum health is decreased, since you lack skill for your form.
You cannot wear most types of armour.
You are amphibious.
You can wear up to eight rings at the same time.
Your skin changes colour to match your surroundings (Stealth+).
Your rubbery body absorbs attacks. (AC +1, EV +1)
((You are camouflaged when in or above water. (Stealth+)))
You have tentacles for arms and can constrict up to eight enemies at once.


   Skills:
 + Level 4.7 Fighting
 + Level 5.0 Dodging
 + Level 10.3 Unarmed Combat
 + Level 8.6 Invocations
 + Level 8.8 Shapeshifting


You had 10 spell levels left.
You didn't know any spells.
Your spell library contained the following spells:

 Spells                   Type           Power      Damage    Failure   Level
 Apportation              Tloc           0%         N/A       36%         1
 Magic Dart               Conj           0%         1d3       36%         1
 Call Imp                 Summ           0%         N/A       50%         2
 Hailstorm                Conj/Ice       0%         3d3       75%         3
 Mephitic Cloud           Conj/Pois/Air  0%         N/A       75%         3
 Olgreb's Toxic Radiance  Pois           0%         N/A       98%         4
 Summon Ice Beast         Ice/Summ       0%         N/A       98%         4
 Alistair's Intoxication  Tmut/Pois      0%         N/A       100%        5
 Simulacrum               Ice/Necr       0%         N/A       100%        6
 Discord                  Hex            0%         N/A       100%        8
 Ignition                 Fire           0%         3d3       100%        8

Inventory:

Hand Weapons
 d - a +2 dagger of venom
 f - a +1 heavy lajatang
 z - a +3 dagger of distortion
 C - the +3 whip of Hospitality {freeze, rCorr Dex+4}
   (You found it on level 6 of the Dungeon)

   Dex:       It affects your dexterity (+4).
   rCorr:     It protects you from acid and corrosion.
 G - a +2 dagger of electrocution
 H - a +2 broad axe of draining
Missiles
 g - 31 poisoned darts
 k - 3 throwing nets {=f}
 o - 5 boomerangs (quivered)
 E - a curare-tipped dart {=f}
Jewellery
 O - a +4 ring of protection (right tentacle)
 X - a +6 ring of dexterity (left tentacle)
Talismans
 b - a beast talisman
 D - a maw talisman (active)
Wands
 m - a wand of mindburst (9)
 p - a wand of light (13)
 u - a wand of flame (12)
 v - a wand of roots (7)
 y - a wand of polymorph (16)
Scrolls
 j - a scroll of poison {!r}
 l - a scroll of enchant armour
 r - 3 scrolls of fear
 s - 6 scrolls of fog
 w - a scroll of identify {@r1}
 B - 2 scrolls of enchant weapon
Potions
 a - 4 potions of lignification {!q}
 c - a potion of attraction {!q}
 e - 4 potions of enlightenment
 h - 2 potions of haste {@q3}
 i - a potion of brilliance
 n - a potion of ambrosia
 q - a potion of curing {@q1}
 t - a potion of magic
 A - 2 potions of mutation {!q}

Dungeon Overview and Level Annotations

Branches:
Dungeon (9/15)             Temple (1/1) D:4           Sewer (visited)
   Lair: D:8-11         Orc: D:9-12

Altars:
Elyvilon
Fedhas
Gozag
Hepliaklqana
Kikubaaqudgha
Makhleb
Nemelex Xobeh
Okawaru
Qazlal
Ru
Trog
Uskayaw
Vehumet
Wu Jian
Xom

Shops:
D:3 ! D:6

! # # ####### #
#.....# #
#.....# #
#.....# #
#.....# ####
+..c..+ +...
######zW)..#
####
....hcW)...####
...@))###.....#
...<.. #.....#
..... #.....#
.....
#.....##########
....
#...............
....
#...............
#...............


You could see a skeletal warrior (ally target), a freezing wraith (ally target),
2 friendly centaur warriors, a friendly hell hound (summoned) and the friendly
AIAndy's illusion (summoned).


Message History

The freezing wraith hits you. The freezing wraith freezes you!
The freezing wraith hits you but does no damage.
You tentacle-slap the freezing wraith but do no damage.
You squeeze the freezing wraith! Your bite misses the freezing wraith.
The freezing wraith is heavily damaged.
The skeletal warrior is no longer blind.
The freezing wraith hits you but does no damage.
The freezing wraith hits you.
* * * LOW HITPOINT WARNING * * *
Use which ability? (? or * to list)
Okay, then.
Unknown command.
Okay, then.
Use which ability? (? or * to list)
You draw a card...
You have drawn Velocity.
Nothing appears to happen.
The freezing wraith barely misses you.
The freezing wraith completely misses you.
Okay, then.
Okay, then.
Use which ability? (? or * to list)
You draw a card...
You have drawn the Rangers.
The deck of cards glows slightly and disappears.
The skeletal warrior closely misses you.
The freezing wraith hits you!
* * * LOW HITPOINT WARNING * * *
The freezing wraith freezes you!!
* * * LOW HITPOINT WARNING * * *
The freezing wraith hits you!
You die...
Your body disappears without a glow.

Skill      XL: |  1  2  3  4  5  6  7  8  9 10 11 |
---------------+----------------------------------+-----
Unarmed Combat | 4 5 6 7 9 10 | 10.3
Shapeshifting  | 4 5 6 7 8 |  8.8
Invocations    | 2 4 6 8 |  8.6
Fighting       | 4 |  4.7
Dodging        | 4 5 |  5.0

Action                     |  1- 3 |  4- 6 |  7- 9 | 10-12 || total
---------------------------+-------+-------+-------+-------++-------
  Melee: Unarmed           |    58 |    84 |   265 |   168 ||   575
         Constrict         |    16 |    24 |    69 |    18 ||   127
         Tentacles         |    15 |    18 |    60 |    39 ||   132
         Punch             |     1 |     3 |    13 |    14 ||    31
         Maw               |       |       |    21 |    42 ||    63
  Throw: Boomerang         |       |       |       |     1 ||     1
 Invoke: Draw Destruction  |       |       |     1 |     9 ||    10
         Draw Summoning    |       |       |       |     4 ||     4
         Draw Escape       |       |       |       |     1 ||     1
  Evoke: Wand              |       |       |     5 |     4 ||     9
    Use: Scroll            |       |     6 |     4 |     6 ||    16
         Potion            |       |     2 |     9 |     2 ||    13
   Stab: Sleeping          |     7 |     8 |     9 |     1 ||    25
         Distracted        |       |       |     1 |     1 ||     2
 Armour: Skin              |     1 |     2 |    12 |    35 ||    50
  Dodge: Dodged            |    17 |    36 |   134 |    94 ||   281
   Form: Maw               |       |       |     1 |       ||     1

Levels and vault maps discovered:
D:1:      nagdon_arrival_double_spiral, layout_basic,
          chequers_serial_rivers_large_b, palyth_stone_intersect,
          minmay_curled_crystal, minmay_close_crescents
D:2:      layout_basic, st_stairs_6, minmay_pentomino_pile
D:3:      cheibrodos_thug_alley, layout_loops_corners,
          cheibrodos_sewer_entry_drain, serial_shops, shop, st_stairs_6,
          uniq_terence
D:4:      layout_basic, minmay_temple_entry_water_ring, uniq_robin,
          uniq_natasha, uniq_sigmund
D:5:      layout_rooms, nicolae_vehumet_altar_sigil, serial_glass,
          glass_columns_a, glass_columns_b, glass_columns_a, glass_columns_c,
          glass_columns_a, glass_columns_a
D:6:      layout_gridville, okawaru_ov_weapons_minmay, serial_shops,
          nicolae_shop_rolling_square, st_stairs_1
D:7:      layout_basic
D:8:      layout_loops_ring, overflow_temple_1_default, tgw_xom,
          hangedman_misty_isle, uniq_maggie, uniq_psyche
D:9:      layout_basic, serial_shops, shop, enter_bailey_2, uniq_harold,
          uniq_erolcha
Temple:   nicolae_temple_bog_church

Notes
Turn   | Place    | Note
-------+----------+-------------------------------------------
     0 | D:1      | AIAndy the Octopode Shapeshifter began the quest for the
                  | Orb.
     0 | D:1      | Reached XP level 1. HP: 13/13 MP: 1/1
    88 | D:1      | Reached XP level 2. HP: 18/18 MP: 2/2
   646 | D:1      | Reached XP level 3. HP: 23/23 MP: 3/3
  1115 | D:2      | Reached XP level 4. HP: 23/28 MP: 4/4
  1145 | D:2      | Reached skill level 4 in Unarmed Combat
  1773 | D:3      | Found a glowing drain.
  1792 | Sewer    | Entered a sewer
  1800 | Sewer    | Reached skill level 4 in Shapeshifting
  1831 | Sewer    | Noticed a kobold brigand
  1833 | Sewer    | Noticed a kobold brigand
  1836 | Sewer    | Reached XP level 5. HP: 33/33 MP: 5/5
  1859 | Sewer    | Killed a kobold brigand
  1865 | Sewer    | Killed a kobold brigand
  1866 | Sewer    | Reached skill level 5 in Unarmed Combat
  1866 | Sewer    | Reached XP level 6. HP: 29/38 MP: 6/6
  1915 | Sewer    | Found a white marble altar of Elyvilon.
  2112 | D:3      | Noticed Terence
  2118 | D:3      | Killed Terence
  2353 | D:3      | Reached skill level 5 in Shapeshifting
  2353 | D:3      | Reached XP level 7. HP: 37/43 MP: 7/7
  2763 | D:3      | Found Inohip's Distillery.
  2771 | D:3      | Bought a potion of curing for 42 gold pieces
  2938 | D:4      | Noticed Robin
  2943 | D:4      | Reached skill level 6 in Unarmed Combat
  2959 | D:4      | Killed Robin
  3131 | D:4      | Found a staircase to the Ecumenical Temple.
  3131 | D:4      | Noticed Natasha
  3140 | D:4      | Killed Natasha
  3227 | Temple   | Entered the Ecumenical Temple
  3242 | Temple   | Became a worshipper of Nemelex Xobeh the Trickster
  3298 | D:4      | Noticed Natasha
  3310 | D:4      | Killed Natasha
  3315 | D:4      | Reached skill level 1 in Invocations
  3408 | D:4      | Noticed Natasha
  3414 | D:4      | Killed Natasha
  3495 | D:4      | Noticed Sigmund
  3504 | D:5      | Entered Level 5 of the Dungeon
  3655 | D:5      | Reached skill level 2 in Invocations
  3655 | D:5      | Reached XP level 8. HP: 25/48 MP: 9/9
  3666 | D:5      | Reached skill level 6 in Shapeshifting
  3729 | D:5      | Reached skill level 7 in Unarmed Combat
  3893 | D:5      | Found a radiant altar of Vehumet.
  4047 | D:4      | Reached skill level 3 in Invocations
  4667 | D:3      | Bought a potion of heal wounds for 70 gold pieces
  4667 | D:3      | Bought a potion of heal wounds for 70 gold pieces
  4739 | D:4      | Killed Sigmund
  4740 | D:4      | Reached skill level 4 in Invocations
  4882 | D:6      | Reached * piety under Nemelex Xobeh
  4967 | D:6      | Reached XP level 9. HP: 36/53 MP: 12/12
  5033 | D:6      | Found Nyxaqami's Distillery.
  5038 | D:6      | Bought a potion of degeneration for 14 gold pieces
  5101 | D:6      | Reached skill level 8 in Unarmed Combat
  5128 | D:6      | Found an iron altar of Okawaru.
  5130 | D:6      | Identified the +3 whip of Hospitality {freeze, rCorr Dex+4}
  5210 | D:6      | Reached skill level 5 in Invocations
  5323 | D:6      | Received a gift from Nemelex Xobeh
  5456 | D:6      | Reached skill level 7 in Shapeshifting
  6073 | D:7      | Noticed a hornet
  6100 | D:7      | Reached ** piety under Nemelex Xobeh
  6125 | D:7      | Killed a hornet
  6126 | D:7      | Reached skill level 6 in Invocations
  6320 | D:8      | Reached skill level 9 in Unarmed Combat
  6368 | D:8      | HP: 2/46 [wyvern (6)]
  6602 | D:8      | Received a gift from Nemelex Xobeh
  6646 | D:8      | Reached XP level 10. HP: 51/58 MP: 15/15
  6826 | D:8      | Reached skill level 7 in Invocations
  6829 | D:8      | Reached skill level 2 in Fighting
  6836 | D:8      | Reached skill level 8 in Shapeshifting
  6909 | D:8      | Found a hazy altar of Hepliaklqana.
  6928 | D:8      | Noticed Psyche
  6933 | D:8      | Killed Psyche
  6934 | D:8      | Reached skill level 3 in Dodging
  7387 | D:8      | Reached skill level 3 in Fighting
  7424 | D:8      | Noticed Maggie
  7434 | D:8      | HP: 5/54 [Maggie/bolt of fire (17)]
  7435 | D:8      | Killed Maggie
  7876 | D:8      | Found a shimmering altar of Xom.
  7882 | D:8      | Reached skill level 4 in Dodging
  8157 | D:9      | Noticed Harold
  8173 | D:9      | Killed Harold
  8174 | D:9      | Reached skill level 4 in Fighting
  8174 | D:9      | Reached skill level 10 in Unarmed Combat
  8174 | D:9      | Reached skill level 8 in Invocations
  8204 | D:9      | Reached XP level 11. HP: 55/69 MP: 17/17
  8348 | D:9      | Noticed a skeletal warrior
  8354 | D:9      | Noticed a death knight
  8361 | D:9      | Killed a death knight
  8362 | D:9      | Reached skill level 5 in Dodging
  8369 | D:9      | HP: 1/68 [freezing wraith[a death knight] (22)]
  8369 | D:9      | Mangled by a freezing wraith

Vanquished Creatures
  Harold (D:9)
  Psyche (D:8)
  A troll (D:8)
  A hornet (D:7)
  Sigmund (D:4)
  3 wyverns (D:8)
  10 yaks
  2 steam dragons (D:8)
  A water moccasin (D:9)
  3 orc warriors
  An ice beast (D:5)
  4 sky beasts
  3 ogres (D:5)
  A phantom (D:6)
  A centaur (D:9)
  6 kobold brigands
  4 bullfrogs
  A gnoll sergeant (D:6)
  3 scorpions
  4 killer bees (D:7)
  6 jellies
  5 orc priests
  2 gnoll boudas (D:8)
  5 hounds
  Natasha (thrice) (D:4)
  Terence (D:3)
  2 iguanas (D:4)
  9 orc wizards
  Robin (D:4)
  9 adders
  21 gnolls
  2 river rats (Sewer)
  2 shadow imps
  2 ufetubi
  2 worms (D:3)
  6 dart slugs
  37 orcs
  6 endoplasms
  7 giant cockroaches
  18 goblins
  15 hobgoblins
  9 jackals
  3 quokkas
  3 ball pythons
  7 bats
  3 frilled lizards
  17 kobolds
  14 rats
269 creatures vanquished.

Vanquished Creatures (collateral kills)
  A death knight (D:9)
  Maggie (D:8)
  An orc priest (D:9)
  A gnoll (D:8)
  An orc (D:9)
5 creatures vanquished.

Vanquished Creatures (others)
  A goblin (D:4)
1 creature vanquished.

Grand Total: 275 creatures vanquished

Table legend: (Time is in decaauts)
 A = Elapsed time spent in this place.
 B = Non-inter-level travel time spent in this place.
 C = Inter-level travel time spent in this place.
 D = Time resting spent in this place.
 E = Time spent auto-exploring this place.
 F = Levels seen in this place.
 G = Mean time per level.
                   A        B        C        D        E       F      G
               +--------+--------+--------+--------+--------+-----+--------+
         Total |   8253 |   7959 |    294 |    634 |   5265 |  11 |  750.3 |
       Dungeon |   7924 |   7658 |    266 |    634 |   5093 |   9 |  880.4 |
        Temple |     30 |      2 |     28 |      0 |      0 |   1 |   30.0 |
         Sewer |    298 |    298 |      0 |      0 |    172 |   1 |  298.0 |
               +--------+--------+--------+--------+--------+-----+--------+

Top non-repeatable levels by time:
     D:8: 1767 daAuts
     D:4: 1063 daAuts
     D:3: 1057 daAuts
     D:1: 974 daAuts
     D:5: 843 daAuts
     D:6: 718 daAuts
     D:7: 685 daAuts
     D:2: 557 daAuts
   Sewer: 298 daAuts
     D:9: 257 daAuts
  Temple: 30 daAuts

Table legend:
 A = Non-vault XP
 B = Vault XP
 C = Vault XP percentage of total XP
 D = Non-vault monster count
 E = Vault monster count
 F = Vault count percentage of total count
                 A         B        C        D         E       F
            +---------+---------+-------+---------+---------+-------
      Total |    7816 |    3922 |  33.4 |     200 |      74 |  27.0
            +---------+---------+-------+---------+---------+-------
        D:1 |      44 |      10 |  18.5 |      25 |       4 |  13.8
        D:2 |      40 |      25 |  38.5 |      17 |       8 |  32.0
        D:3 |      50 |     254 |  83.6 |      13 |      16 |  55.2
        D:4 |     422 |     286 |  40.4 |      25 |      14 |  35.9
        D:5 |     791 |       0 |   0.0 |      21 |       0 |   0.0
        D:6 |     625 |     274 |  30.5 |      24 |       3 |  11.1
        D:7 |     922 |       0 |   0.0 |      15 |       0 |   0.0
        D:8 |    2289 |    1948 |  46.0 |      42 |      11 |  20.8
        D:9 |    2633 |     884 |  25.1 |      18 |       1 |   5.3
      Sewer |       0 |     241 | 100.0 |       0 |      17 | 100.0
            +---------+---------+-------+---------+---------+-------
